 Dungeon Crawl Stone Soup version 0.19-a0-261-g60b6c46 (webtiles) character file.

270 AllRandomAllDemise the Cudgeler (level 6, -3/47 HPs)
             Began as a Formicid Ice Elementalist on May 25, 2016.
             Killed by nerve-wracking pain
             ... invoked by Grinder
              (10 damage)
             ... on level 4 of the Dungeon.
             The game lasted 00:06:01 (3483 turns).

AllRandomAllDemise the Cudgeler (FoIE)              Turns: 3483, Time: 00:06:02

Health: -3/47      AC: 10    Str: 20    XL:     6   Next: 47%
Magic:  9/9        EV:  7    Int: 14    God:
Gold:   148        SH:  4    Dex: 11    Spells: 1 memorised, 8 levels left

rFire  + + .     SeeInvis +     h - +0 mace
rCold  . . .     Gourm    .     m - +0 chain mail
rNeg   . . .     Faith    .     A - +0 buckler
rPois  .         Spirit   .     (helmet unavailable)
rElec  .         Dismiss  .     (no cloak)
rCorr  .         Reflect  .     q - +0 pair of gloves
SustAt .         Harm     .     E - +0 pair of boots
MR     .....                    (no amulet)
Stlth  ..........               G - ring of protection from fire
                                y - ring of protection from fire

@: mighty, not resistant to hostile enchantments, extremely unstealthy
A: permanent stasis, dig shafts and tunnels, four strong arms, antennae 3
a: Dig, Shaft Self


You were on level 4 of the Dungeon.
You were hungry.

You visited 1 branch of the dungeon, and saw 4 of its levels.
You also visited: Sewer.

You collected 148 gold pieces.

Inventory:

Hand Weapons
 h - a +0 mace (weapon)
Missiles
 k - 8 poisoned needles
Armour
 a - a +0 robe
 m - a +0 chain mail (worn)
 q - a +0 pair of gloves (worn)
 A - a +0 buckler (worn)
 E - a +0 pair of boots (worn)
Jewellery
 y - a ring of protection from fire (left hand)
 G - a ring of protection from fire (right hand)
Scrolls
 e - 2 scrolls of identify {unknown}
 f - a scroll of recharging {unknown}
 l - a scroll of noise {unknown}
 p - 3 scrolls of remove curse
 B - 3 scrolls of teleportation
 F - a scroll of random uselessness {unknown}
Potions
 d - 2 potions of might
 g - 2 potions of curing
 i - 2 potions of heal wounds
 n - a potion of brilliance {unknown}
 r - 2 potions of flight {unknown}
 s - 2 potions of invisibility {unknown}
 t - a potion of mutation {unknown}
 u - a potion of agility {unknown}
 v - a potion of lignification {unknown}
 w - a potion of degeneration {unknown}
 x - a potion of berserk rage {unknown}
 C - 2 potions of magic {unknown}
 D - a potion of haste {unknown}
Books
 b - a book of Frost

   Spells                             Type                      Level
   a - Freeze                         Ice                          1
   b - Throw Frost                    Conjuration/Ice              2
   c - Ozocubu's Armour               Charms/Ice                   3
   d - Throw Icicle                   Conjuration/Ice              4
   e - Summon Ice Beast               Ice/Summoning                4
Comestibles
 c - 2 bread rations
 o - 2 slices of pizza
 z - a meat ration


   Skills:
 + Level 3.3 Fighting
 * Level 3.9 Maces & Flails
 - Level 1.7 Dodging
 - Level 2.4 Stealth
 + Level 2.7 Shields
 - Level 2.1 Spellcasting
   Level 0.8 Conjurations
 - Level 3.2 Ice Magic


You had 8 spell levels left.
You knew the following spells:

 Your Spells              Type           Power        Failure   Level  Hunger
a - Freeze                Ice            ##..         83%         1    #......


Dungeon Overview and Level Annotations

Branches:
Dungeon (4/15)
 Temple: D:4-7

Altars:

Annotations:
D:4 Grinder


Innate Abilities, Weirdness & Mutations

You are under a permanent stasis effect.
You can dig through walls and to a lower floor.
Your four strong arms can wield two-handed weapons with a shield.
You have a pair of large antennae on your head. (SInv)


Message History

Grinder is heavily wounded.
Grinder hits you. The dart slug launches a dart at you. The slug dart hits you!
Grinder hits you.
You writhe in agony.
You are too injured to fight recklessly!
You thump Grinder!
Grinder is severely wounded.
Grinder barely misses you.
You sock Grinder!
Grinder is almost dead.
The dart slug launches a dart at you. The slug dart hits you!
Grinder gestures at you. Pain shoots through your body!
* * * LOW HITPOINT WARNING * * *
Your chain mail prevents you from hitting Grinder.
Grinder is almost dead.
Grinder gestures at you. Pain shoots through your body!
You die...

#######
..... ....
#..# #
#..#
#.##.#
#...w# #
#.####@#.#
#....(<5(#
##########


You could see Grinder and a dart slug.

Vanquished Creatures
  An eye of draining (D:3)
  A hound (D:3)
  3 adders
  3 gnolls (D:3)
  A river rat (D:3)
  An ooze (D:2)
  2 worms (D:3)
  A giant gecko (D:3)
  An orc (D:3)
  7 bats
  2 giant cockroaches
  10 goblins
  9 hobgoblins
  2 jackals (Sewer)
  13 kobolds
  4 ball pythons
  6 giant newts
  12 rats
79 creatures vanquished.

Notes
Turn   | Place    | Note
--------------------------------------------------------------
     0 | D:1      | AllRandomAllDemise the Formicid Ice Elementalist began the quest for the Orb.
     0 | D:1      | Reached XP level 1. HP: 13/13 MP: 3/3
   111 | D:1      | Reached skill level 1 in Fighting
   183 | D:1      | Reached XP level 2. HP: 21/21 MP: 3/5
   510 | D:1      | Reached skill level 1 in Maces & Flails
   516 | D:1      | Reached XP level 3. HP: 24/27 MP: 1/6
   947 | D:2      | Found a faded altar to an unknown god.
  1340 | D:2      | Reached XP level 4. HP: 31/33 MP: 7/7
  1485 | D:3      | Found a glowing drain.
  1537 | Sewer    | Entered a sewer
  1554 | Sewer    | Reached skill level 1 in Shields
  2167 | Sewer    | Reached XP level 5. HP: 37/39 MP: 8/8
  2647 | D:3      | Noticed an eye of draining
  2679 | D:3      | Killed an eye of draining
  2679 | D:3      | Reached XP level 6. HP: 47/47 MP: 0/9
  3392 | D:4      | Noticed Grinder
  3483 | D:4      | Killed from afar by Grinder

Vault maps used:
D:1:      elethiomel_arrival_shortcut
D:2:      first_bread, ecumenical_altar_2
D:3:      portal_sewer_entry_b
D:4:      overflow_temple_1_default, kennysheep_little_box, serial_shops, shop,
          nicolae_shop_stone, uniq_grinder
Sewer:    sewer_co_scattered_pipes

Skill      XL: |  1  2  3  4  5 |
---------------+----------------+-----
Fighting       | 1 2 3 |  3.3
Maces & Flails | 1 2 3 |  3.9
Shields        | 1 2 |  2.7
Dodging        | |  1.7
Stealth        | |  2.4
Spellcasting   | |  2.1
Conjurations   | |  0.8
Ice Magic      | |  3.2

Action                   |  1- 3 |  4- 6 || total
-------------------------+-------+-------++-------
Melee: Unarmed           |     2 |       ||     2
       Mace              |    59 |   242 ||   301
 Cast: Freeze            |    21 |       ||    21
 Abil: Dig               |     1 |     4 ||     5
  Use: Potion            |       |     3 ||     3
       Scroll            |       |     2 ||     2
  Eat: Chunk             |     2 |     6 ||     8
       Beef jerky        |       |     1 ||     1
Armor: Robe              |     5 |       ||     5
       Chain mail        |    30 |   157 ||   187
Dodge: Dodged            |    46 |    78 ||   124
Block: Buckler           |       |    36 ||    36
